 Dungeon Crawl Stone Soup version 0.29.0-7-g18a832c13a (webtiles) character file.

Game seed: 11228074602404223441

29 p0werm0de the Trooper (level 3, -4/24 HPs)
             Began as a Gargoyle Chaos Knight on Aug 30, 2022.
             Was a Plaything of Xom.
             Slain by Sigmund
             ... wielding a +0 scythe
              (7 damage)
             ... on level 2 of the Dungeon.
             The game lasted 00:00:26 (635 turns).

p0werm0de the Trooper (Gargoyle Chaos Knight)        Turns: 635, Time: 00:00:27

Health: -4/24      AC:  8    Str: 17      XL:     3   Next: 16%
Magic:  3/3        EV: 11    Int: 12      God:    Xom [.*....]
Gold:   0          SH:  0    Dex:  8 (9)  Spells: 2/2 levels left

rFire   . . .      SeeInvis .   a - +0 hand axe (chaos)
rCold   . . .      Faith    .   (no shield)
rNeg    + . .      Spirit   .   b - +2 leather armour
rPois   ∞          Reflect  .   (no helmet)
rElec   +          Harm     .   (no cloak)
rCorr   .          Rampage  .   (no gloves)
Will    .....                   (no boots)
Stlth   +.........              (no amulet)
HPRegen 0.08/turn               (no ring)
MPRegen 0.08/turn               (no ring)

@: no status effects
A: sickness immunity, AC +3, negative energy resistance 1, electricity
resistance, torment resistance 1, petrification resistance
a: Renounce Religion


You were on level 2 of the Dungeon.
You worshipped Xom.
You were a plaything of Xom.
You visited 1 branch of the dungeon, and saw 2 of its levels.

Inventory:

Hand Weapons
 a - a +0 hand axe of chaos (weapon)
Armour
 b - a +2 leather armour (worn)
Scrolls
 d - a scroll of silence {unknown}
 e - a scroll of magic mapping {unknown}
Miscellaneous
 c - a piece from Xom's chessboard (15/15) (quivered)


   Skills:
 * Level 3.7 Fighting
 * Level 3.0 Axes
 * Level 2.7 Armour
 - Level 0.7 Dodging
 + Level 0.6 Evocations


You had 2 spell levels left.
You didn't know any spells.
Your spell library was empty.

Dungeon Overview and Level Annotations

Branches:
Dungeon (2/15)

Altars:

Annotations:
D:2 Sigmund


Innate Abilities, Weirdness & Mutations

You are immune to sickness and miasma.
Your stone body is resilient. (AC +3)
You are immune to poison.
You resist negative energy. (rN+)
You are resistant to electric shocks. (rElec)
You are resistant to unholy torment.
You are immune to petrification.


Message History

You closely miss the goblin. You hit the kobold.
The goblin hits you but does no damage. The kobold hits you but does no damage.
Sigmund hits you with a +0 scythe.
You hit the kobold.
You kill the kobold!
You hit Sigmund. You hit the goblin. You burn the goblin.
You kill the goblin!
You closely miss Sigmund.
Sigmund is moderately wounded.
You miss the kobold. Sigmund barely misses you.
The kobold hits you with a +0 dagger.
You are too injured to fight recklessly!
You are too injured to fight recklessly!
You are too injured to fight recklessly!
You are too injured to fight recklessly!
You are too injured to fight recklessly!
You are too injured to fight recklessly!
You are too injured to fight recklessly!
You hit Sigmund.
You feel better.
Sigmund is heavily wounded.
You hit the kobold but do no damage. You drain the kobold.
Sigmund gestures at you while chanting. The magic dart hits you.
The kobold hits you but does no damage.
You aren't carrying any potions.
You hit Sigmund.
Sigmund is heavily wounded.
You hit the kobold. Lightning courses through the kobold!!
You kill the kobold!
Sigmund hits you but does no damage.
You closely miss Sigmund.
Sigmund is heavily wounded.
Sigmund gestures wildly while chanting.
Sigmund flickers and vanishes!
Deactivating autopickup; reactivate with Ctrl-A.
You hit something. Something hits you.
* * * LOW HITPOINT WARNING * * *
You barely miss something. Something hits you.
* * * LOW HITPOINT WARNING * * *
You barely miss something. Something hits you!
You die...

....÷#.....######.#
####..##..........#
##.....###.########
####..............
#.####..####### #.#
##.# #.#
#(#######'# ...
#..#)...... ...
##.@{......
!......))......
########.......
....... .......
...#### ...# ....


There were no monsters in sight!

Vanquished Creatures
  An adder (D:2)
  4 endoplasms
  A goblin (D:2)
  A hobgoblin (D:1)
  2 jackals (D:2)
  4 kobolds
  2 bats (D:1)
  A frilled lizard (D:1)
  3 rats
19 creatures vanquished.

Notes
Turn   | Place    | Note
-------+----------+-------------------------------------------
     0 | D:1      | p0werm0de the Gargoyle Chaos Knight began the quest for the
                  | Orb.
     0 | D:1      | Reached XP level 1. HP: 14/14 MP: 1/1
    90 | D:1      | XOM: divination: detect creatures
   261 | D:1      | Reached XP level 2. HP: 18/19 MP: 2/2
   402 | D:2      | Reached XP level 3. HP: 7/24 MP: 3/3
   480 | D:2      | XOM: stat loss: -1 Dex (8/9)
   622 | D:2      | Noticed Sigmund
   635 | D:2      | Slain by Sigmund

Illustrated notes

Levels and vault maps discovered:
D:1:      minmay_arrival_four_circles, layout_loops_corners,
          dreamdust_princess_bridge
D:2:      layout_basic, uniq_sigmund

Skill      XL: |  1  2 |
---------------+-------+-----
Axes           | 3 |  3.0
Fighting       | |  3.7
Armour         | |  2.7
Dodging        | |  0.7
Evocations     | |  0.6

Action                   || total
-------------------------++-------
Melee: Hand axe          ||    52
  Use: Scroll            ||     1
       Potion            ||     2
Armor: Leather armour    ||    36
Dodge: Dodged            ||    32
